 Dungeon Crawl Stone Soup version 0.24.0-123-gd5b16e6ec5 (webtiles) character file.

Game seed: 6244089829901595404, levelgen mode: deterministic

758 eccles the Slasher (level 7, 0/54 HPs)
             Began as a Demonspawn Abyssal Knight on Jan 15, 2020.
             Was a Believer of Lugonu.
             Slain by Pikel
             ... wielding a +1 whip of electrocution
              (15 damage)
             ... on level 4 of the Dungeon.
             The game lasted 00:27:35 (5764 turns).

eccles the Slasher (Demonspawn Abyssal Knight)      Turns: 5764, Time: 00:27:35

Health: 0/54       AC:  9    Str: 15    XL:     7   Next: 50%
Magic:  8/8        EV:  8    Int: 13    God:    Lugonu [**....]
Gold:   244        SH:  8    Dex: 12    Spells: 6/6 levels left

rFire    + . .     SeeInvis .   a - +2 falchion
rCold    . . .     Gourm    .   q - +0 shield
rNeg     . . .     Faith    .   n - +0 scale mail
rPois    .         Spirit   .   (no helmet)
rElec    .         Reflect  .   v - +0 cloak
rCorr    .         Harm     .   f - +0 pair of gloves
MR       .....                  (no boots)
Stlth    +.........             (no amulet)
HPRegen  0.18/turn              (no ring)
MPRegen  0.11/turn              (no ring)

@: starving
A: hooves 1, fire resistance 1, nightstalker 1, sturdy frame 1
a: Depart the Abyss, Bend Space, Renounce Religion


You were on level 4 of the Dungeon.
You worshipped Lugonu.
Lugonu was pleased with you.
You were starving.

You visited 1 branch of the dungeon, and saw 5 of its levels.
You visited the Abyss 1 time.

You collected 244 gold pieces.

Inventory:

Hand Weapons
 a - a +2 falchion (weapon)
 g - a +1 flail of venom
 u - a +0 long sword
 F - the cursed +1 war axe of the Final Nights {venom, Str+2}
   (You found it on level 4 of the Dungeon)

   It poisons the flesh of those it strikes.
   It affects your strength (+2).
   It has a curse placed upon it.
Missiles
 h - 134 stones
 l - 23 bolts
 z - 84 arrows
 A - 2 curare-tipped darts (quivered)
 C - 53 sling bullets
Armour
 b - a +0 leather armour
 f - a +0 pair of gloves (worn)
 n - a +0 scale mail (worn)
 q - a +0 shield (worn)
 t - a -2 pair of boots
 v - a +0 cloak (worn)
 x - a +0 ring mail
Jewellery
 d - a cursed ring of teleportation {unknown}
 j - an uncursed amulet of harm {unknown}
 k - an uncursed ring of protection from cold {unknown}
 y - an uncursed ring of stealth {unknown}
Wands
 B - a wand of random effects (22)
Scrolls
 i - a scroll of fear
 m - 2 scrolls of magic mapping
 r - a scroll of remove curse
Potions
 e - a potion of curing
 p - a potion of brilliance {unknown}
 w - a potion of flight {unknown}
 D - 2 potions of lignification
Comestibles
 c - 8 rations


   Skills:
 * Level 4.3 Fighting
 * Level 5.5 Long Blades
 * Level 3.7 Armour
 + Level 2.2 Dodging
 + Level 0.4 Stealth
 + Level 1.7 Shields
 - Level 2.4 Invocations
 + Level 0.1 Evocations


You had 6 spell levels left.
You didn't know any spells.
Your spell library contained the following spells:

 Spells                   Type           Power        Failure   Level  Hunger
 Magic Dart               Conj           #...         99%         1    ##.....
 Blink                    Tloc           N/A          99%         2    ###....
 Call Imp                 Summ           #.......     99%         2    ###....
 Slow                     Hex            #.......     99%         2    ###....
 Conjure Flame            Conj/Fire      #.......     100%        3    ####...
 Mephitic Cloud           Conj/Pois/Air  #.......     100%        3    ####...


Dungeon Overview and Level Annotations

Branches:
Dungeon (5/15)             Temple (0/1) D:5

Altars:
Cheibriados
Dithmenos
Kikubaaqudgha
Okawaru
Qazlal
Wu Jian

Annotations:
D:4 1 runed translucent door, Pikel; bl4d3's ghost, novice GrFi


Innate Abilities, Weirdness & Mutations

You have large cloven feet.
Your flesh is heat resistant. (rF+)
You are slightly more attuned to the shadows.
Your movements are slightly less encumbered by armour. (ER -2)


Message History

You climb downwards.
Level annotation: Pikel
There is a stone staircase leading up here.
Okay, then.
You completely miss Pikel. Pikel completely misses you.
You barely miss Pikel. Pikel hits you but does no damage.
You are electrocuted!!
The worker ant twitches its antennae in your direction.
You block Pikel's attack. The slave barely misses you.
You climb upwards.
Level annotation: 1 runed translucent door, bl4d3's ghost, novice GrFi
There is a stone staircase leading down here.
Pikel barely misses you.
Pikel hits you with a +1 whip of electrocution.
You are electrocuted!
You open the door.
Pikel hits you with a +1 whip of electrocution.
* * * LOW HITPOINT WARNING * * *
You are electrocuted!
You die...

..?......#####..#
......))<.# ###+###
......)...###.....#
............#..♣..###
..........#.'.♣♣♣)'.#
..........###..♣..#.#
.........## #.....#.###
#........######'###.>.##
..........#.....@K.....##
.................p......#
........................#
........................#
#......÷................#
#........#..............#
#.......###............##
#.####### ##..........##
..# ############


You could see Pikel and a slave.

Vanquished Creatures
  Sigmund (D:4)
  A sky beast (D:5)
  An ogre (D:5)
  A crimson imp (D:5)
  A hound (D:5)
  3 orc wizards
  Jessica (D:2)
  A worker ant (D:2)
  Terence (D:3)
  7 gnolls
  3 adders
  An ooze (D:2)
  2 adder skeletons (D:5)
  2 worms
  4 dart slugs
  A leopard gecko (D:4)
  5 orcs
  A ball python (D:4)
  7 bats
  A giant cockroach (D:1)
  8 goblins
  9 hobgoblins
  10 jackals
  14 kobolds
  A quokka (D:2)
  7 frilled lizards
  5 rats
99 creatures vanquished.

Notes
Turn   | Place    | Note
-------+----------+-------------------------------------------
     0 | Abyss:1  | eccles the Demonspawn Abyssal Knight began the quest for
                  | the Orb.
     0 | Abyss:1  | Reached XP level 1. HP: 18/18 MP: 2/2
    58 | Abyss:1  | Noticed an iron imp
    59 | Abyss:1  | Noticed a chaos spawn
    89 | Abyss:1  | Noticed a starcursed mass
    92 | D:1      | Escaped the Abyss
   179 | D:1      | Reached skill level 2 in Long Blades
   432 | D:1      | Reached skill level 1 in Dodging
   432 | D:1      | Gained mutation: Your flesh is heat resistant. (rF+)
                  | [demonic ancestry]
   432 | D:1      | Reached XP level 2. HP: 9/24 MP: 3/3
   622 | D:1      | Reached * piety under Lugonu
  1453 | D:2      | Reached XP level 3. HP: 25/29 MP: 4/4
  1484 | D:2      | Reached skill level 3 in Long Blades
  1895 | D:2      | Gained mutation: You are slightly more attuned to the
                  | shadows. [demonic ancestry]
  1895 | D:2      | Reached XP level 4. HP: 21/35 MP: 5/5
  2202 | D:2      | Reached ** piety under Lugonu
  2549 | D:2      | Found an ornate altar of the Wu Jian Council.
  2728 | D:2      | Noticed Jessica
  2741 | D:2      | Killed Jessica
  2741 | D:2      | Reached skill level 1 in Shields
  2741 | D:2      | Gained mutation: Your movements are slightly less
                  | encumbered by armour. (ER -2) [demonic ancestry]
  2741 | D:2      | Reached XP level 5. HP: 41/41 MP: 6/6
  3006 | D:3      | Found a stormy altar of Qazlal.
  3134 | D:3      | Noticed Terence
  3158 | D:3      | Killed Terence
  3507 | D:4      | Noticed bl4d3's ghost (novice GrFi)
  3640 | D:4      | Reached skill level 4 in Long Blades
  4098 | D:4      | Found a runed translucent door.
  4246 | D:4      | Found an ancient bone altar of Kikubaaqudgha.
  4246 | D:4      | Found a shadowy altar of Dithmenos.
  4248 | D:4      | Found an iron altar of Okawaru.
  4331 | D:4      | Gained mutation: You have large cloven feet. [demonic
                  | ancestry]
  4331 | D:4      | Reached XP level 6. HP: 45/48 MP: 7/7
  4435 | D:4      | Noticed Sigmund
  4462 | D:4      | Killed Sigmund
  4471 | D:4      | Got a scorched war axe
  4472 | D:4      | Identified the cursed +1 war axe of the Final Nights
                  | {venom, Str+2} (You found it on level 4 of the Dungeon)
  4612 | D:5      | Entered Level 5 of the Dungeon
  4619 | D:5      | Found a snail-covered altar of Cheibriados.
  4806 | D:5      | Reached skill level 5 in Long Blades
  4806 | D:5      | Reached XP level 7. HP: 54/54 MP: 8/8
  4807 | D:5      | Found a staircase to the Ecumenical Temple.
  5479 | D:5      | Noticed Pikel
  5764 | D:4      | Slain by Pikel

Levels and vault maps discovered:
D:1:      lemuel_arrival_behind_the_door_small, layout_basic, serial_forest,
          infiniplex_forest_clump_large, infiniplex_forest_straight_3,
          infiniplex_forest_lined_ring, infiniplex_forest_clump_tiny,
          infiniplex_forest_clump_medium
D:2:      layout_basic, nicolae_overflow_crystal_walls, first_ration,
          uniq_jessica
D:3:      layout_basic, lemuel_crystal_altar, uniq_terence
D:4:      layout_rooms, gammafunk_temple_overflow_forgotten,
          hellmonk_ghost_happy_afterlife, kennysheep_generic_room_13,
          uniq_sigmund
D:5:      lemuel_ice_spiral_2, layout_basic, nicolae_ru_the_path_less_chosen,
          minmay_temple_entry_junction, basic_altar, uniq_pikel, uniq_grinder

Skill      XL: |  1  2  3  4  5  6 |
---------------+-------------------+-----
Long Blades    | 2 3 4 5 |  5.5
Dodging        | 1 2 |  2.2
Armour         | 2 3 |  3.7
Shields        | 1 |  1.7
Fighting       | 4 |  4.3
Stealth        | |  0.4
Invocations    | |  2.4
Evocations     | |  0.1

Action                   |  1- 3 |  4- 6 |  7- 9 || total
-------------------------+-------+-------+-------++-------
Melee: Falchion          |   145 |   214 |    97 ||   456
       Kick              |       |    10 |    22 ||    32
Invok: Depart the Abyss  |     1 |       |       ||     1
Evoke: Wand              |       |       |     9 ||     9
  Use: Scroll            |       |    13 |       ||    13
       Potion            |       |     1 |     2 ||     3
 Stab: Sleeping          |       |     1 |       ||     1
  Eat: Chunk             |     3 |    10 |     1 ||    14
Armor: Leather armour    |    48 |     2 |       ||    50
       Ring mail         |       |    17 |       ||    17
       Scale mail        |       |    34 |    40 ||    74
Dodge: Dodged            |    63 |    86 |    16 ||   165
Block: Shield            |    28 |    65 |    36 ||   129
       Rpst.: Falchion   |    17 |    25 |     4 ||    46
